 Dungeon Crawl Stone Soup version 0.30-b1-2-g02819fbbbe (webtiles) character file.

Game seed: 15543470284528757185

(classic levelgen) 60 EnegeticOcto the Trooper (level 3, -2/33 HPs)
             Began as a Minotaur Fighter on May 9, 2023.
             Killed by nerve-wracking pain
             ... invoked by Grinder
              (11 damage)
             ... on level 3 of the Dungeon.
             The game lasted 00:00:50 (1535 turns).

EnegeticOcto the Trooper (Minotaur Fighter)         Turns: 1535, Time: 00:00:51

Health: -2/33      AC: 12    Str: 22    XL:     3   Next: 82%
Magic:  2/2        EV:  8    Int:  5    God:
Gold:   77         SH:  4    Dex:  9    Spells: 2/2 levels left

rFire   . . .        a - +0 war axe
rCold   . . .        c - +0 buckler
rNeg    . . .        k - +0 chain mail
rPois   .            (helmet restricted)
rElec   .            (no cloak)
rCorr   .            o - +2 pair of gloves
SInv    .            (no boots)
Will    .....        (no amulet) Stlth
                     (no ring)
HPRegen 0.25/turn    (no ring)
MPRegen 0.08/turn

%: no passive effects
@: no status effects
A: horns 2, retaliatory headbutt
a: no special abilities


You were on level 3 of the Dungeon.
You visited 1 branch of the dungeon, and saw 3 of its levels.

You collected 77 gold pieces.

Inventory:

Hand Weapons
 a - a +0 war axe (weapon)
Armour
 b - a +0 scale mail
 c - a +0 buckler (worn)
 k - a +0 chain mail (worn)
   (You found it on level 2 of the Dungeon)
 o - a +2 pair of gloves (worn)
   (You found it on level 2 of the Dungeon)
Scrolls
 e - a scroll of teleportation {unknown}
 f - 3 scrolls of blinking {unknown}
 i - a scroll of torment {unknown}
 l - 2 scrolls of enchant weapon {unknown}
 m - a scroll of identify {unknown}
Potions
 d - a potion of might {@q3}
 g - 2 potions of mutation {unknown}
 h - 2 potions of cancellation {unknown}
 j - a potion of brilliance {unknown}
 n - a potion of attraction {unknown}


   Skills:
 + Level 4.2 Fighting
 * Level 3.6 Axes
 + Level 4.1 Armour
 + Level 4.1 Shields


You had 2 spell levels left.
You didn't know any spells.
Your spell library was empty.

Dungeon Overview and Level Annotations

Branches:
Dungeon (3/15)

Altars:

Annotations:
D:3 Grinder


Innate Abilities, Weirdness & Mutations

You have a pair of horns on your head.
You reflexively headbutt those who attack you in melee.


Message History

You barely miss the kobold. The bat hits you. The kobold barely misses you.
You barely miss the kobold. You hit the bat.
You kill the bat!
The kobold hits you but does no damage. x2
You barely miss the kobold. You headbutt the kobold.
You kill the kobold!
You hit the ball python.
You kill the ball python!
You hit the hobgoblin but do no damage.
The hobgoblin hits you but does no damage.
You completely miss the hobgoblin. Your headbutt misses the hobgoblin.
The hobgoblin barely misses you.
You hit the hobgoblin.
The hobgoblin is lightly wounded.
The hobgoblin hits you but does no damage. x2
You barely miss the hobgoblin.
The hobgoblin is lightly wounded.
The hobgoblin hits you but does no damage.
You hit the hobgoblin.
You kill the hobgoblin!
No target in view!
No target in view!
No target in view!
No target in view!
You see here the +0 spear "Kugera" {vamp, Int+3}.
You now have 63 gold pieces (gained 14).
You see here a +0 short sword.
Found a short sword.
You now have 69 gold pieces (gained 6).
You see here a +0 leather armour.
Done exploring.
Done exploring.
Done exploring.
Done exploring.
No target in view!
(D) Dungeon
Where to? (Enter - D:2 @ (x,y), ? - help)
You see here a +0 leather armour.
You see here a +0 robe.
There is a stone staircase leading down here.
You climb downwards.
Found a stone staircase leading down.
There is a stone staircase leading up here.
Found a robe.
You now have 73 gold pieces (gained 4).
As you open the door, it creaks loudly!
A worm comes into view.
A worm is nearby!
There is an open door here.
You slash the worm!
The worm is heavily wounded.
You hit the worm. You headbutt the worm.
The worm is almost dead.
The worm bites you but does no damage.
You barely miss the worm. Your headbutt misses the worm.
The worm is almost dead.
The worm barely misses you.
You barely miss the worm.
The worm is severely wounded.
The worm barely misses you. You furiously retaliate!
You headbutt the worm!
You kill the worm!
No target in view!
No target in view!
No target in view!
You now have 77 gold pieces (gained 4).
Grinder comes into view.
Grinder shouts!
Grinder is nearby!
Grinder is nearby!
Grinder blinks!
Grinder barely misses you.
You barely miss Grinder. Your headbutt misses Grinder. Grinder gestures at you.
You resist with significant effort.
You completely miss Grinder. Grinder gestures at you.
Pain shoots through your body! Grinder hits you!
You writhe in agony.
* * * LOW HITPOINT WARNING * * *
You are too injured to fight recklessly!
You are too injured to fight recklessly!
You are too injured to fight recklessly!
You are too injured to fight recklessly!
You are too injured to fight recklessly!
You are too injured to fight recklessly!
You are too injured to fight recklessly!
You are too injured to fight recklessly!
You are too injured to fight recklessly!
You are too injured to fight recklessly!
You are too injured to fight recklessly!
You hit Grinder. Your headbutt misses Grinder.
Grinder is lightly wounded.
You block Grinder's attack.
You hit Grinder.
Grinder is lightly wounded.
Grinder blinks!
You closely miss Grinder.
Grinder is lightly wounded.
Grinder gestures at you. Pain shoots through your body!
You die...

#........#....#
#........#.[>.#
######.###....#
#..#.....# ##.#.#...#
#.#.##.###
###############.#.#.....
..............#.#.#<#...
#.....@5######.#.#.#...
#.#####.######.#.#.####
#......#.#.#.#
######...#...# ##### #.#
#.# #.#


You could see Grinder.

Vanquished Creatures
  2 adders (D:2)
  A worm (D:3)
  4 ball pythons
  3 endoplasms
  3 giant cockroaches (D:2)
  4 goblins
  A hobgoblin (D:2)
  2 quokkas
  5 bats
  4 frilled lizards
  7 kobolds
  5 rats
41 creatures vanquished.

Notes
Turn   | Place    | Note
-------+----------+-------------------------------------------
     0 | D:1      | EnegeticOcto the Minotaur Fighter began the quest for the
                  | Orb.
     0 | D:1      | Reached XP level 1. HP: 19/19 MP: 0/0
   225 | D:1      | Reached XP level 2. HP: 25/27 MP: 1/1
  1094 | D:2      | Reached XP level 3. HP: 33/33 MP: 2/2
  1358 | D:2      | Identified the +0 spear "Kugera" {vamp, Int+3}
  1527 | D:3      | Noticed Grinder
  1535 | D:3      | Killed from afar by Grinder

Illustrated notes

Levels and vault maps discovered:
D:1:      lemuel_arrival_muddy, layout_basic
D:2:      layout_loops_cross
D:3:      layout_basic, mainiacjoe_overflow_catwalk, serial_co_window_serial,
          co_window_cross_1, co_window_paths_a, co_window_paths_b,
          co_window_corner_a, co_window_corner_a, co_window_cross_1,
          co_window_paths_a, co_window_of_opportunity_a, co_window_paths_b,
          co_window_cross_2, co_window_broadway_a, co_window_corner_b,
          co_window_corner_b, co_window_of_opportunity_b, co_window_broadway_c,
          glass_columns_a, glass_columns_c, glass_columns_a, glass_columns_b,
          columned_hall_lemuel, uniq_robin, uniq_grinder, uniq_natasha

Skill      XL: |  1  2  3 |
---------------+----------+-----
Axes           | 3 |  3.6
Shields        | 4 |  4.1
Armour         | 4 |  4.1
Fighting       | 4 |  4.2

Action                     || total
---------------------------++-------
  Melee: War axe           ||   106
         Headbutt          ||    10
 Armour: Scale mail        ||    31
         Chain mail        ||    34
  Dodge: Dodged            ||    48
  Block: Buckler           ||    31
